 Dungeon Crawl Stone Soup version 0.30-a0-1160-g6e42c06551 (webtiles) character file.

Game seed: 14321005664458240041

3131 greenreed the Spear-Bearer (level 9, -4/127 HPs)
             Began as a Minotaur Berserker on Apr 26, 2023.
             Was a Priest of Trog.
             Slain by a sky beast (6 damage)
             ... on level 7 of the Dungeon.
             The game lasted 00:11:56 (4965 turns).

greenreed the Spear-Bearer (Minotaur Berserker)     Turns: 4965, Time: 00:11:58

Health: -4/127     AC: 10    Str: 27    XL:     9   Next: 61%
Magic:  8/8        EV: 12    Int:  4    God:    Trog [***...]
Gold:   122        SH:  0    Dex:  9    Spells: 8/8 levels left

rFire   . . .        z - +0 halberd
rCold   . . .        (shield currently unavailable)
rNeg    . . .        f - +0 scale mail
rPois   +            (helmet restricted)
rElec   .            m - +0 cloak
rCorr   .            (no gloves)
SInv    +            h - +0 pair of boots
Will    .....        (no amulet) Stlth
                     i - ring of poison resistance
HPRegen 0.41/turn    A - ring of see invisible
MPRegen 0.11/turn

%: no passive effects
@: berserking (expiring), weakened, very quick
A: horns 2, retaliatory headbutt
a: Renounce Religion, Berserk, Trog's Hand


You were on level 7 of the Dungeon.
You worshipped Trog.
Trog was most pleased with you.
You visited 1 branch of the dungeon, and saw 7 of its levels.

You collected 512 gold pieces.
You spent 390 gold pieces at shops.

Inventory:

Hand Weapons
 z - a +0 halberd (weapon)
 D - a +1 glaive of venom
Armour
 f - a +0 scale mail (worn)
 h - a +0 pair of boots (worn)
 m - a +0 cloak (worn)
Jewellery
 i - a ring of poison resistance (left hand)
 j - a ring of protection from cold
 l - a +6 ring of strength
 q - a +6 ring of dexterity
 u - a +5 ring of evasion
 A - a ring of see invisible (right hand)
 B - a ring of flight
Wands
 r - a wand of charming (8)
 E - a wand of digging (4)
 F - a wand of roots (9)
Scrolls
 a - a scroll of amnesia {unknown}
 d - 2 scrolls of butterflies {unknown}
 e - 3 scrolls of noise {unknown}
 g - 6 scrolls of vulnerability {unknown}
 k - a scroll of poison {unknown}
 n - 2 scrolls of teleportation {unknown}
 s - a scroll of immolation {unknown}
 t - 5 scrolls of identify {unknown}
 w - a scroll of blinking {unknown}
 y - a scroll of enchant weapon {unknown}
 C - a scroll of acquirement {unknown}
Potions
 b - a potion of attraction {unknown}
 c - 4 potions of flight {unknown}
 o - 2 potions of mutation {unknown}
 p - 2 potions of brilliance {unknown}
 v - 2 potions of curing {unknown}
 x - a potion of invisibility {unknown}
 G - a potion of lignification {unknown}


   Skills:
 * Level 10.1 Fighting
 * Level 10.1 Polearms
 + Level 6.8 Armour
 + Level 6.3 Dodging


You had 8 spell levels left.
You didn't know any spells.
Your spell library contained the following spells:

 Spells                   Type           Power      Damage    Failure   Level
 Freeze                   Ice            0%         1d3       75%         1
 Blink                    Tloc           0%         N/A       87%         2
 Static Discharge         Conj/Air       0%         2-2/arc   87%         2
 Frozen Ramparts          Ice            0%         1d1       98%         3
 Hailstorm                Conj/Ice       0%         3d3       98%         3
 Inner Flame              Hex/Fire       0%         N/A       98%         3
 Tukima's Dance           Hex            0%         N/A       98%         3
 Airstrike                Air            0%         2d(0-16)  100%        4
 Manifold Assault         Tloc           0%         N/A       100%        4
 Passage of Golubria      Tloc           0%         N/A       100%        4
 Summon Lightning Spire   Summ/Air       0%         N/A       100%        4
 Yara's Violent Unravell  Hex/Tmut       0%         3d3       100%        5
 Enfeeble                 Hex            0%         N/A       100%        7
 Storm Form               Tmut/Air       0%         N/A       100%        7
 Borgnjor's Revivificati  Necr           0%         N/A       100%        8
 Necromutation            Tmut/Necr      0%         N/A       100%        8
 Death's Door             Necr           0%         N/A       100%        9


Dungeon Overview and Level Annotations

Branches:
Dungeon (7/15)             Temple (0/1) D:5

Altars:
Makhleb

Shops:
D:4 =   D:5 *   D:6 =


Innate Abilities, Weirdness & Mutations

You have a pair of horns on your head.
You reflexively headbutt those who attack you in melee.


Message History

Unknown command.
You puncture the hornet!
You kill the hornet!
Trog accepts your kill.
Your Fighting skill increases to level 10!
Your Polearms skill increases to level 10!
You closely miss the gnoll bouda. You headbutt the gnoll bouda.
The gnoll bouda is moderately wounded.
The gnoll bouda hits you with a +0 club.
* * * LOW HITPOINT WARNING * * *
You closely miss the gnoll bouda. You headbutt the gnoll bouda!
The gnoll bouda is severely wounded.
Your skin stops crawling.
You feel less strong-willed.
The gnoll bouda hits you with a +0 club.
* * * LOW HITPOINT WARNING * * *
You hit the gnoll bouda. Your headbutt misses the gnoll bouda.
The gnoll bouda is almost dead.
The gnoll bouda gazes fiercely through you!
You feel your attacks grow feeble.
The gnoll bouda hits you with a +0 club.
* * * LOW HITPOINT WARNING * * *
You hit the gnoll bouda.
You kill the gnoll bouda!
Trog accepts your kill.
You closely miss the sky beast. The sky beast hits you.
* * * LOW HITPOINT WARNING * * *
The sky beast shocks you.
* * * LOW HITPOINT WARNING * * *
You are too berserk!
You puncture the sky beast!
The sky beast is heavily wounded.
The sky beast barely misses you. You furiously retaliate!
You headbutt the sky beast. You closely miss the sky beast.
The sky beast is severely wounded.
You feel yourself speed up. The sky beast hits you.
* * * LOW HITPOINT WARNING * * *
The sky beast shocks you.
You die...

# ## #. .## ##. #
..# ..#!#..##
.8#8.$.## .......#
##########...## s
+.......@Yl...#....
#.......##......s..
+.......###.#......
#.......#......#...
#.......#...#...##.
#######.###.#.#..#
#...#.# # ...
#######.#.# .
#.........#


You could see a sky beast and an iguana.

Vanquished Creatures
  A troll (D:7)
  A hornet (D:7)
  6 yaks
  An orc warrior (D:6)
  An ice beast (D:6)
  3 black bears
  An ogre (D:5)
  A phantom (D:5)
  A centaur (D:5)
  3 bullfrogs
  4 scorpions
  A jelly (D:5)
  A gnoll bouda (D:7)
  3 orc priests (D:6)
  3 iron imps (D:3)
  2 sleepcaps
  2 iguanas
  3 orc wizards
  7 gnolls (D:5)
  10 adders
  A shadow imp (D:6)
  2 white imps
  An ufetubus (D:7)
  2 worms
  3 dart slugs
  15 orcs
  6 bats
  3 endoplasms
  3 giant cockroaches
  10 goblins
  6 hobgoblins
  6 kobolds
  2 quokkas
  9 ball pythons
  3 frilled lizards (D:1)
  7 rats
134 creatures vanquished.

Notes
Turn   | Place    | Note
-------+----------+-------------------------------------------
     0 | D:1      | greenreed the Minotaur Berserker began the quest for the
                  | Orb.
     0 | D:1      | Reached XP level 1. HP: 19/19 MP: 0/0
    35 | D:1      | Reached XP level 2. HP: 26/27 MP: 1/1
   313 | D:1      | Found a faded altar of an unknown god.
   405 | D:1      | Reached XP level 3. HP: 32/33 MP: 2/2
   631 | D:2      | Reached ** piety under Trog
  1574 | D:3      | Reached XP level 4. HP: 31/41 MP: 3/3
  1622 | D:3      | You fall into a shaft and drop 3 floors!
  1628 | D:5      | Entered Level 5 of the Dungeon
  1632 | D:5      | Noticed a scorpion
  1639 | D:5      | Killed a scorpion
  1703 | D:5      | Found the +7 Throatcutter {drain, coup de grace}
  1719 | D:5      | Reached skill level 5 in Fighting
  1719 | D:5      | Reached skill level 5 in Polearms
  1719 | D:5      | Reached XP level 5. HP: 32/48 MP: 4/4
  1788 | D:5      | Found a staircase to the Ecumenical Temple.
  1797 | D:5      | Noticed a phantom
  1806 | D:5      | Killed a phantom
  1819 | D:5      | Noticed a black bear
  1820 | D:5      | Noticed an ogre
  1880 | D:4      | Noticed a black bear
  1886 | D:4      | Killed a black bear
  1887 | D:4      | Reached XP level 6. HP: 57/57 MP: 5/5
  2053 | D:4      | Found Darghof's One-of-a-Kind Rings.
  2987 | D:3      | Found a burning altar of Makhleb.
  3027 | D:3      | Reached XP level 7. HP: 50/64 MP: 6/6
  3305 | D:5      | Reached *** piety under Trog
  3404 | D:5      | Noticed a yak
  3404 | D:5      | Noticed a yak
  3404 | D:5      | Noticed a yak
  3405 | D:5      | Noticed a yak
  3405 | D:5      | Noticed a yak
  3437 | D:5      | Noticed a yak
  3442 | D:5      | Killed a yak
  3454 | D:4      | Killed a yak
  3669 | D:5      | Reached skill level 5 in Armour
  3669 | D:5      | Reached XP level 8. HP: 73/73 MP: 7/7
  4008 | D:5      | Reached skill level 5 in Dodging
  4165 | D:5      | Found Juykhlopt's Assorted Antiques.
  4444 | D:6      | Reached XP level 9. HP: 77/83 MP: 8/8
  4532 | D:6      | Found Xatoc's Jewellery Shop.
  4587 | D:6      | Bought a ring of see invisible for 180 gold pieces
  4587 | D:6      | Bought a ring of flight for 210 gold pieces
  4927 | D:7      | Noticed a troll
  4942 | D:7      | Reached **** piety under Trog
  4946 | D:7      | Killed a troll
  4959 | D:7      | Reached skill level 10 in Fighting
  4959 | D:7      | Reached skill level 10 in Polearms
  4963 | D:7      | HP: 5/127 [sky beast (6)]
  4965 | D:7      | HP: 2/127 [sky beast (4)]
  4965 | D:7      | Slain by a sky beast

Illustrated notes

Levels and vault maps discovered:
D:1:      minmay_arrival_four_circles, layout_rooms,
          hellmonk_ecumenical_altar_crossroads
D:2:      layout_loops_ring, kennysheep_crisscross, minmay_between
D:3:      layout_basic, demons_altar, minmay_checkerbox
D:4:      layout_basic, hex_medium, nicolae_shop_unique_rings,
          nicolae_concentric_dashed_squares_wild
D:5:      layout_cave_pools, minmay_temple_entry_antechambers, serial_shops,
          nicolae_inconvenience_store
D:6:      layout_rooms, serial_shops, shop_coins
D:7:      layout_basic, minmay_statues_item, minmay_holes, minmay_manual_moon,
          uniq_joseph

Skill      XL: |  1  2  3  4  5  6  7  8  9 |
---------------+----------------------------+-----
Polearms       | 4 5 6 7 9 10 | 10.1
Fighting       | 4 5 6 7 9 10 | 10.1
Armour         | 3 4 5 6 |  6.8
Dodging        | 3 4 5 6 |  6.3

Action                     |  1- 3 |  4- 6 |  7- 9 || total
---------------------------+-------+-------+-------++-------
  Melee: Spear             |   133 |    97 |    19 ||   249
         Headbutt          |    14 |     9 |    30 ||    53
         Halberd           |       |       |   162 ||   162
 Invoke: Berserk           |       |     2 |     5 ||     7
         Trog's Hand       |       |       |     1 ||     1
   Stab: Sleeping          |     1 |       |       ||     1
 Armour: Animal skin       |     7 |       |       ||     7
         Scale mail        |    16 |    17 |    45 ||    78
  Dodge: Dodged            |    43 |    24 |    69 ||   136

Table legend: (Time is in decaauts)
 A = Elapsed time spent in this place.
 B = Non-inter-level travel time spent in this place.
 C = Inter-level travel time spent in this place.
 D = Time resting spent in this place.
 E = Time spent auto-exploring this place.
 F = Levels seen in this place.
 G = Mean time per level.
                   A        B        C        D        E       F      G
               +--------+--------+--------+--------+--------+-----+--------+
         Total |   4993 |   4636 |    357 |    439 |   3298 |   7 |  713.3 |
       Dungeon |   4993 |   4636 |    357 |    439 |   3298 |   7 |  713.3 |
               +--------+--------+--------+--------+--------+-----+--------+

Top non-repeatable levels by time:
     D:4: 1209 daAuts
     D:5: 1195 daAuts
     D:2: 733 daAuts
     D:3: 644 daAuts
     D:6: 566 daAuts
     D:1: 550 daAuts
     D:7: 93 daAuts
